 Dungeon Crawl Stone Soup version 0.28.0-43-g3370ac3207 (webtiles) character file.

Game seed: 1432161657225146299

6 uselesstheremin the Digger (level 1, 16/16 HPs)
             Began as a Troll Earth Elementalist on Mar 3, 2022.
             Quit the game on level 1 of the Dungeon.
             The game lasted 00:01:37 (137 turns).

uselesstheremin the Digger (TrEE)                    Turns: 137, Time: 00:01:37

Health: 16/16      AC:  4    Str: 15    XL:     1   Next: 75%
Magic:  1/1        EV:  9    Int: 11    God:
Gold:   14         SH:  0    Dex: 10    Spells: 1/2 levels left

rFire   . . .      SeeInvis .   (no weapon)
rCold   . . .      Faith    .   (no shield)
rNeg    . . .      Spirit   .   b - +0 robe
rPois   .          Reflect  .   (helmet restricted)
rElec   .          Harm     .   (no cloak)
rCorr   .          Rampage  .   (gloves unavailable)
Will    .....                   (boots unavailable)
Stlth   +.........              (no amulet)
HPRegen 0.85/turn               (no ring)
MPRegen 0.07/turn               (no ring)

@: no status effects
A: large, unfitting armour, claws 3, regeneration 1, shaggy fur 1, tough skin 1
a: no special abilities


You were on level 1 of the Dungeon.
You visited 1 branch of the dungeon, and saw 1 of its levels.

You collected 14 gold pieces.

Inventory:

Hand Weapons
 d - a +0 short sword
Missiles
 c - 31 stones
Armour
 b - a +0 robe (worn)
Scrolls
 e - a scroll of amnesia {unknown}
Potions
 a - a potion of curing {unknown}


   Skills:
 + Level 1.7 Dodging
 + Level 1.1 Stealth
 + Level 1.3 Spellcasting
 + Level 0.6 Transmutations
 + Level 2.8 Earth Magic


You had one spell level left.
You knew the following spells:

 Your Spells              Type           Power      Damage    Failure   Level
a - Sandblast             Erth           14%        2d6       10%         1

Your spell library contained the following spells:

 Spells                   Type           Power      Damage    Failure   Level
 Passwall                 Tmut/Erth      3%         N/A       24%         2
 Stone Arrow              Conj/Erth      6%         3d7       45%         3
 Petrify                  Tmut/Erth      4%         N/A       83%         4


Dungeon Overview and Level Annotations

Branches:
Dungeon (1/15)

Altars:


Innate Abilities, Weirdness & Mutations

You are too large for most types of armour.
You have claws for hands.
Your natural rate of healing is unusually fast.
You are covered in fur. (AC +1)
You have tough skin. (AC +1)


Message History

You scratch the rat.
You kill the rat!
The giant cockroach bites you.
You closely miss the giant cockroach. The giant cockroach bites you.
The giant cockroach barely misses you.
You scratch the giant cockroach.
The giant cockroach is severely wounded.
The giant cockroach closely misses you.
You barely miss the giant cockroach.
The giant cockroach is severely wounded.
The giant cockroach barely misses you.
You scratch the giant cockroach.
You kill the giant cockroach!
No target in view!
HP restored.
c - 31 stones (gained 2)
You see here a +0 short sword.
d - a +0 short sword You now have 14 gold pieces.
Found a robe.
e - a scroll labelled EROINO ZAVVE A goblin comes into view.
It is wielding a +0 club.
Okay, then.
A goblin is nearby!
Casting: Sandblast (safe; 10% risk of failure)
Confirm with . or Enter, or press ? or * to list all spells.
You don't know that spell.
Casting: Sandblast (safe; 10% risk of failure)
Confirm with . or Enter, or press ? or * to list all spells.
You don't know that spell.
Unknown command.
Unknown command.
Unknown command.
Unknown command.
Unknown command.
Unknown command.
Unknown command.
Unknown command.
Unknown command.
Are you sure you want to abandon this character and quit the game? (Confirm with "yes".)

####+#### ..#.# ##.
........ #.#.# .. ...
..#.####.#.# #.##..
......†.)†.#
#....###.#.#.##...#
.###..#.g#..###..)...#
........###.#.#......#
#.......#.....##.##
#..#@#.#.###..##.#
........###.[#...##.#
........# #.###.###.#
.###..#.. ... ..# #..
....##. #.###.# ###
..... ..... #.# .##.#
..... ..# #. ###.#


You could see a goblin (asleep).

Vanquished Creatures
  A giant cockroach (D:1)
  A ball python (D:1)
  A bat (D:1)
  A goblin (D:1)
  2 kobolds (D:1)
  A rat (D:1)
7 creatures vanquished.

Notes
Turn   | Place    | Note
-------+----------+-------------------------------------------
     0 | D:1      | uselesstheremin the Troll Earth Elementalist began the
                  | quest for the Orb.
     0 | D:1      | Reached XP level 1. HP: 16/16 MP: 1/1
    11 | D:1      | Found a faded altar of an unknown god.
   137 | D:1      | Quit the game

Illustrated notes

Levels and vault maps discovered:
D:1:      doesnt_arrival_eight_statues, layout_loops_ring,
          ebering_ecumenical_altar_abandoned, minmay_misc_feat_square,
          minmay_heptomino_h4

Action                   || total
-------------------------++-------
Melee: Unarmed           ||    18
 Cast: Sandblast         ||     1
Armor: Robe              ||    12
Dodge: Dodged            ||    17
